 Dungeon Crawl Stone Soup version 0.30-a0-610-gb513c0a51f (webtiles) character file.

Game seed: 881456084063095554

6589 Dartaoz the Grappler (level 10, -6/156 HPs)
             Began as a Troll Berserker on Jan 7, 2023.
             Was an Elder of Trog.
             Mangled by a yak (9 damage)
             ... on level 9 of the Dungeon on Jan 8, 2023.
             The game lasted 00:19:07 (6717 turns).

Dartaoz the Grappler (Troll Berserker)              Turns: 6717, Time: 00:19:08

Health: -6/156     AC:  4    Str: 31    XL:     10   Next: 71%
Magic:  9/9        EV: 17    Int:  3    God:    Trog [****..]
Gold:   422        SH:  5    Dex:  9    Spells: 9/9 levels left

rFire   . . .      SeeInvis .      - Unarmed
rCold   . . .      Faith    .    (no shield)
rNeg    . . .      Spirit   .    b - +0 animal skin
rPois   .          Reflect  +    (helmet restricted)
rElec   .          Harm     .    (no cloak)
rCorr   .          Rampage  .    (gloves unavailable)
Will    .....                    (boots unavailable) Stlth
                                 r - amulet of reflection
HPRegen 1.26/turn                e - +5 ring of evasion
MPRegen 0.11/turn                (no ring)

@: berserking, spiked, very quick
A: large, unfitting armour, claws 3, regeneration 1, shaggy fur 1, tough skin 1
a: Renounce Religion, Berserk, Trog's Hand, Brothers in Arms


You were on level 9 of the Dungeon.
You worshipped Trog.
Trog was greatly pleased with you.
You visited 1 branch of the dungeon, and saw 9 of its levels.

You collected 422 gold pieces.

Inventory:

Hand Weapons
 a - a +0 mace of flaming
Missiles
 q - 2 boomerangs (quivered)
 t - 2 poisoned darts
Armour
 b - a +0 animal skin (worn)
Jewellery
 e - a +5 ring of evasion (left claw)
 n - a ring of ice
 r - an amulet of reflection (around neck)
Wands
 j - a wand of flame (5)
 y - a wand of polymorph (4)
Scrolls
 c - 3 scrolls of teleportation
 d - 2 scrolls of noise
 g - a scroll of immolation {unknown}
 i - a scroll of fog {unknown}
 l - a scroll of poison {unknown}
 m - a scroll of blinking {unknown}
 o - a scroll of silence {unknown}
 u - a scroll of enchant weapon {unknown}
 v - a scroll of enchant armour {unknown}
 z - a scroll of amnesia {unknown}
 D - a scroll of identify
Potions
 f - 2 potions of flight
 h - 5 potions of cancellation
 k - 2 potions of degeneration
 p - a potion of magic
 s - a potion of haste
 w - 2 potions of mutation
 x - a potion of might
 A - a potion of heal wounds
 B - a potion of attraction
 C - 2 potions of curing {unknown}


   Skills:
 + Level 8.2 Fighting
 - Level 2.6 Maces & Flails
 + Level 8.2 Dodging
 + Level 9.2 Unarmed Combat
 + Level 2.4 Evocations


You had 9 spell levels left.
You didn't know any spells.
Your spell library was empty.

Dungeon Overview and Level Annotations

Branches:
Dungeon (9/15)             Temple (0/1) D:4
   Lair: D:8-11         Orc: D:9-12

Altars:
Cheibriados
Fedhas
Gozag
Makhleb
Nemelex Xobeh
Ru
Trog
Uskayaw
Wu Jian
Xom
Zin

Annotations:
D:4 1 runed translucent door


Innate Abilities, Weirdness & Mutations

You are too large for most types of armour.
You have claws for hands.
Your natural rate of healing is unusually fast.
You are covered in fur. (AC +1)
You have tough skin. (AC +1)


Message History

The yak closely misses you. You block the wyvern's attack.
You mangle the boulder beetle!!
The boulder beetle is heavily wounded.
The boulder beetle leaps!
The wyvern barely misses you.
The barbs in your skin will harm you if you move.
Continue? [Y]es or [N]o only, please.
The barbs in your skin will harm you if you move.
Continue?
Okay, then.
You barely miss the yak.
The yak is lightly wounded.
The manticore flicks its tail.
The volley of spikes reflects off an invisible shield around you!
The volley of spikes hits the manticore!!
The yak barely misses you.
You scratch the yak.
The yak is lightly wounded.
The wyvern closely misses you. The yak gores you!
* * * LOW HITPOINT WARNING * * *
You mangle the cyclops!!
The cyclops is heavily wounded.
You rip and tear the barbed spikes from your body.
The wyvern closely misses you.
You mangle the cyclops!!
The cyclops is almost dead.
You block the wyvern's attack.
The cyclops hits you but does no damage.
The yak closely misses you.
You scratch the cyclops but do no damage.
The cyclops is almost dead.
The wyvern closely misses you.
You claw the cyclops!
You feel the power of Trog in you as your rage grows.
You kill the cyclops!
Trog accepts your kill.
The manticore flicks its tail.
The volley of spikes hits you!
The barbed spikes become lodged in your body.
* * * LOW HITPOINT WARNING * * *
The yak gores you!
You die...

## #.# #..# #...#
####+#### #....#
#.......# #)....#
#.⌠...⌠.##+#####
#?[..Bl##..⌠....##.888#.
#(..H(@'...⌠...#8)...'.
#)?...Y##....⌠..##.888##
#$....# #.⌠†..⌠.##'####.
#....# #.......#.†.#...
#...# ####'####..##...
#..# #....'.#.#### #.#
##...######## ##
#####....... ..........


You could see a boulder beetle, a manticore (skewered), a yak and a wyvern.

Vanquished Creatures
  A two-headed ogre (D:9)
  3 cyclopes
  An ugly thing (D:8)
  The ghost of capka3m the Ruffian, a novice OgTm (D:4)
  A queen bee (shapeshifter) (D:8)
  Prince Ribbit (D:5)
  A hornet (D:9)
  Sigmund (D:6)
  2 wyverns (D:9)
  A steam dragon (D:7)
  Duvessa (D:4)
  An acid dragon (D:9)
  2 orc warriors
  A sky beast (D:6)
  A black bear (D:7)
  3 ogres
  2 centaurs
  2 phantoms (D:4)
  A kobold brigand (D:8)
  4 bullfrogs
  Blork the orc (D:5)
  A gnoll sergeant (D:6)
  2 scorpions
  9 wights (D:8)
  Dowan (D:4)
  4 killer bees
  2 howler monkeys
  4 orc priests
  2 hounds
  2 jellies
  A gnoll bouda (D:6)
  2 iguanas
  6 orc wizards
  23 gnolls
  9 adders
  A river rat (D:4)
  A white imp (D:8)
  2 worms (D:4)
  3 dart slugs
  28 orcs
  4 endoplasms
  5 giant cockroaches
  10 goblins
  3 hobgoblins
  9 kobolds
  6 quokkas
  6 ball pythons
  6 bats
  4 frilled lizards
  5 rats
193 creatures vanquished.

Notes
Turn   | Place    | Note
-------+----------+-------------------------------------------
     0 | D:1      | Dartaoz the Troll Berserker began the quest for the Orb.
     0 | D:1      | Reached XP level 1. HP: 22/22 MP: 0/0
   189 | D:1      | Reached XP level 2. HP: 29/29 MP: 1/1
   319 | D:1      | Reached skill level 1 in Unarmed Combat
   703 | D:2      | Reached XP level 3. HP: 36/36 MP: 2/2
   803 | D:2      | Found an opulent altar of Gozag.
  1078 | D:2      | Reached ** piety under Trog
  1309 | D:2      | Found a faded altar of an unknown god.
  1499 | D:3      | Found a hide-covered altar of Uskayaw.
  1515 | D:3      | Reached skill level 2 in Unarmed Combat
  1515 | D:3      | Reached XP level 4. HP: 45/45 MP: 3/3
  1651 | D:3      | Found a burning altar of Makhleb.
  2025 | D:3      | Found a shimmering altar of Xom.
  2054 | D:4      | Reached XP level 5. HP: 53/53 MP: 4/4
  2430 | D:4      | Reached skill level 3 in Unarmed Combat
  2522 | D:4      | Found a staircase to the Ecumenical Temple.
  2651 | D:4      | Noticed a phantom
  2660 | D:4      | Killed a phantom
  2661 | D:4      | Reached XP level 6. HP: 62/62 MP: 5/5
  2747 | D:4      | Found an ornate altar of the Wu Jian Council.
  2833 | D:4      | Reached *** piety under Trog
  2921 | D:4      | Noticed Duvessa
  2926 | D:4      | Killed Duvessa
  2927 | D:4      | Reached skill level 4 in Unarmed Combat
  2927 | D:4      | Reached XP level 7. HP: 70/70 MP: 6/6
  2927 | D:4      | Noticed Dowan
  2931 | D:4      | Killed Dowan
  3050 | D:4      | Found a runed translucent door.
  3051 | D:4      | Noticed capka3m's ghost (novice OgTm)
  3106 | D:4      | Found a runed translucent door.
  3130 | D:4      | Killed capka3m's ghost
  3131 | D:4      | Reached skill level 5 in Fighting
  3131 | D:4      | Reached skill level 5 in Dodging
  3131 | D:4      | Reached skill level 5 in Unarmed Combat
  3226 | D:5      | Entered Level 5 of the Dungeon
  3226 | D:5      | Noticed Blork the orc
  3238 | D:5      | Killed Blork the orc
  3239 | D:5      | Reached XP level 8. HP: 80/80 MP: 7/7
  3344 | D:5      | Found a sacrificial altar of Ru.
  3658 | D:5      | Noticed Prince Ribbit
  3678 | D:5      | Killed Prince Ribbit
  4010 | D:5      | Reached skill level 6 in Unarmed Combat
  4011 | D:5      | Found a snail-covered altar of Cheibriados.
  4089 | D:6      | Noticed Sigmund
  4095 | D:6      | Killed Sigmund
  4180 | D:6      | Reached XP level 9. HP: 89/89 MP: 8/8
  4258 | D:6      | Found a sparkling altar of Nemelex Xobeh.
  4773 | D:6      | You fall into a shaft and drop 1 floor!
  4785 | D:7      | Found a glowing silver altar of Zin.
  4804 | D:7      | Reached skill level 7 in Unarmed Combat
  4914 | D:7      | Found a blossoming altar of Fedhas.
  5460 | D:8      | Noticed a queen bee
  5470 | D:8      | Killed a queen bee
  5532 | D:8      | Noticed a green ugly thing
  5553 | D:8      | Killed a green ugly thing
  5554 | D:8      | Reached skill level 8 in Unarmed Combat
  5606 | D:8      | Noticed a cyclops
  5614 | D:8      | Killed a cyclops
  5615 | D:8      | Reached XP level 10. HP: 102/102 MP: 9/9
  5681 | D:8      | Found a bloodstained altar of Trog.
  6160 | D:8      | Reached **** piety under Trog
  6420 | D:9      | Noticed a two-headed ogre
  6427 | D:9      | Killed a two-headed ogre
  6428 | D:9      | Reached skill level 1 in Evocations
  6593 | D:9      | Paralysed by a hornet for 2 turns
  6601 | D:9      | Reached skill level 9 in Unarmed Combat
  6694 | D:9      | Noticed a cyclops
  6694 | D:9      | Noticed a boulder beetle
  6694 | D:9      | Noticed a manticore
  6695 | D:9      | Noticed a cyclops
  6705 | D:9      | Killed a cyclops
  6717 | D:9      | Killed a cyclops
  6717 | D:9      | HP: 3/156 [manticore/volley of spikes (10)]
  6717 | D:9      | Mangled by a yak

Illustrated notes

Levels and vault maps discovered:
D:1:      zaba_arrival_water, layout_loops_ring
D:2:      wander_river, layout_loops_ring,
          hellmonk_ecumenical_altar_pennies_from_heaven, basic_altar
D:3:      layout_basic, lemuel_doored_altar, mainiacjoe_overflow_alcove_2,
          nicolae_uskayaw_dance_hall, chequers_serial_rivers_micro_d
D:4:      layout_loops_corners, lemuel_coloured_pillars_altar,
          minmay_temple_entry_overgrown, ebering_ghost_sewer_f, uniq_duvessa
D:5:      layout_rooms, kennysheep_mini, mainiacjoe_overflow_24_doors,
          uniq_blork_the_orc, uniq_prince_ribbit1
D:6:      layout_cave_pods, lemuel_crystal_altar, uniq_sigmund,
          uniq_crazy_yiuf_cottage
D:7:      layout_cave_pools, mainiacjoe_overflow_brackets,
          mainiacjoe_overflow_catwalk
D:8:      layout_loops_ring, bloody_trog, kb_rosetta
D:9:      minmay_chambers_of_sevens, layout_long_grid, lemuel_crystal_altar,
          kiku_gazebo_pond_becter, dpeg_lair_monsters, eino_jars

Skill      XL: |  1  2  3  4  5  6  7  8  9 10 |
---------------+-------------------------------+-----
Unarmed Combat | 1 2 3 4 5 6 8 9 |  9.2
Dodging        | 3 4 5 6 7 8 |  8.2
Fighting       | 3 4 5 6 7 8 |  8.2
Evocations     | 2 |  2.4
Maces & Flails | |  2.6

Action                   |  1- 3 |  4- 6 |  7- 9 | 10-12 || total
-------------------------+-------+-------+-------+-------++-------
Melee: Unarmed           |   103 |   125 |   238 |   101 ||   567
       Punch             |       |     1 |     7 |     5 ||    13
Throw: Boomerang         |       |       |     2 |       ||     2
Invok: Berserk           |     2 |     6 |    13 |     6 ||    27
  Use: Scroll            |       |       |     6 |     6 ||    12
 Stab: Sleeping          |       |     1 |     1 |       ||     2
Armor: Animal skin       |    23 |    13 |    20 |    11 ||    67
Dodge: Dodged            |    69 |    83 |   124 |    69 ||   345
Block: Other             |       |       |    34 |    21 ||    55
       Reflection        |       |       |       |     2 ||     2

Table legend: (Time is in decaauts)
 A = Elapsed time spent in this place.
 B = Non-inter-level travel time spent in this place.
 C = Inter-level travel time spent in this place.
 D = Time resting spent in this place.
 E = Time spent auto-exploring this place.
 F = Levels seen in this place.
 G = Mean time per level.
                   A        B        C        D        E       F      G
               +--------+--------+--------+--------+--------+-----+--------+
         Total |   6870 |   6728 |    142 |   1501 |   4159 |   9 |  763.3 |
       Dungeon |   6870 |   6728 |    142 |   1501 |   4159 |   9 |  763.3 |
               +--------+--------+--------+--------+--------+-----+--------+

Top non-repeatable levels by time:
     D:4: 1221 daAuts
     D:8: 1000 daAuts
     D:5: 889 daAuts
     D:2: 706 daAuts
     D:6: 696 daAuts
     D:1: 689 daAuts
     D:7: 678 daAuts
     D:3: 665 daAuts
     D:9: 320 daAuts
